[Event "Nordic Chess-ch 2019"]
[Site "Sarpsborg"]
[Date "2019.06.22"]
[Round "2.32"]
[White "Mirza, Raad"]
[Black "Ulrichsen, Jarl H"]
[Result "0-1"]
[ECO "B07"]
[WhiteElo "1991"]
[BlackElo "2180"]
[Annotator "ChessBase"]
[PlyCount "92"]
[EventDate "2019.06.21"]
[EventType "swiss"]
[EventCountry "NOR"]
[SourceTitle "playchess.com"]
[Source "ChessBase"]
[SourceQuality "1"]
[TimeControl "40/5400+30:1800+30"]

1. e4 d6 2. d4 Nf6 3. Bd3 Nbd7 4. f4 e5 5. c3 c5 6. d5 c4 7. Bc2 exf4 8. Bxf4 Qb6 9. Qc1 Ng4 10. Nh3 Be7 11. b3 cxb3 12. axb3 O-O 13. Qd2 Bf6 14. Nf2 Nde5 15. h3 Nxf2 16. Qxf2 Qc7 17. O-O b5 18. Be3 a6 19. Bd4 Bb7 20. Nd2 Qe7 21. b4 Rac8 22. Kh2 Nd7 23. Nf3 Rxc3 24. Bxc3 Bxc3 25. Rab1 Ne5 26. Nd4 Ng4+ 27. hxg4 Qe5+ 28. Qf4 Qxf4+ 29. Rxf4 Bxd4 30. Rf3 Bc8 31. Rd3 Be5+ 32. Kh3 h5 33. Bd1 hxg4+ 34. Bxg4 f5 35. exf5 Rxf5 36. g3 Rh5+ 37. Kg2 Bxg4 38. Ra3 Bh3+ 39. Kf2 Rf5+ 40. Kg1 Bd4+ 41. Kh2 Rh5 42. g4 Bxg4+ 43. Kg2 Bf5 44. Re1 Be5 45. Rxa6 Rh2+ 46. Kg1 Rb2 0-1

[Event "Nordic Chess-ch 2019"]
[Site "Sarpsborg"]
[Date "2019.06.22"]
[Round "2.33"]
[White "Eriksson, Kristian"]
[Black "Rukovci, Shemsi"]
[Result "1/2-1/2"]
[ECO "C42"]
[WhiteElo "2111"]
[BlackElo "1907"]
[Annotator "NA"]
[PlyCount "40"]
[EventDate "2019.06.21"]
[EventType "swiss"]
[EventCountry "NOR"]
[SourceTitle "playchess.com"]
[Source "ChessBase"]
[SourceQuality "1"]
[TimeControl "40/5400+30:1800+30"]

1. e4 e5 2. Nf3 Nf6 3. Nc3 Bb4 4. d3 d6 5. Be2 h6 6. O-O a6 7. a3 Bc5 8. d4 exd4 9. Nxd4 O-O 10. Kh1 Re8 11. f3 b5 12. Qd3 Qe7 13. Nb3 Bb6 14. Bf4 Bb7 15. Nd4 Bxd4 16. Qxd4 Nc6 17. Qd2 Ne5 18. Rad1 Rad8 19. Rfe1 Qe6 20. a4 c6 1/2-1/2

[Event "Nordic Chess-ch 2019"]
[Site "Sarpsborg"]
[Date "2019.06.22"]
[Round "2.34"]
[White "Kirppo, Ronny"]
[Black "Dogani, Avduraim"]
[Result "0-1"]
[ECO "E02"]
[WhiteElo "1910"]
[BlackElo "2107"]
[Annotator "NA"]
[PlyCount "94"]
[EventDate "2019.06.21"]
[EventType "swiss"]
[EventCountry "NOR"]
[SourceTitle "playchess.com"]
[Source "ChessBase"]
[SourceQuality "1"]
[TimeControl "40/5400+30:1800+30"]

1. d4 d5 2. c4 e6 3. Nf3 Nf6 4. g3 Nbd7 5. Bg2 dxc4 6. Qa4 c5 7. dxc5 Bxc5 8. O-O a6 9. Nc3 O-O 10. Qxc4 b5 11. Qh4 Bb7 12. Bg5 Qb6 13. Bxf6 Nxf6 14. Ne5 Bxg2 15. Kxg2 Bd4 16. Nd3 Bxc3 17. bxc3 Qc6+ 18. Kg1 Qxc3 19. Rfd1 Rfd8 20. Rac1 Qa3 21. Rc2 Rd5 22. Rdc1 Rad8 23. Qf4 h6 24. Qc7 R5d7 25. Qe5 Ne8 26. Kg2 Rd5 27. Qf4 Qe7 28. h3 e5 29. Qe3 Qb7 30. Kh2 Qe7 31. Rc6 a5 32. R6c2 Qg5 33. f4 exf4 34. gxf4 Qh5 35. Rc8 Nf6 36. Rxd8+ Rxd8 37. Ne5 Re8 38. Qd3 Qh4 39. Rf1 Nh5 40. Ng4 f5 41. Qxb5 Qg3+ 42. Kh1 Qxh3+ 43. Nh2 Ng3+ 44. Kg1 Rxe2 45. Qd5+ Kh7 46. Rf2 Rxf2 47. Kxf2 Qxh2+ 0-1

[Event "Nordic Chess-ch 2019"]
[Site "Sarpsborg"]
[Date "2019.06.22"]
[Round "2.35"]
[White "Andersen, Harry"]
[Black "Hauge, Tor Arne"]
[Result "0-1"]
[ECO "B06"]
[WhiteElo "1905"]
[BlackElo "2022"]
[Annotator "NA"]
[PlyCount "60"]
[EventDate "2019.06.21"]
[EventType "swiss"]
[EventCountry "NOR"]
[SourceTitle "playchess.com"]
[Source "ChessBase"]
[SourceQuality "1"]
[TimeControl "40/5400+30:1800+30"]

1. e4 g6 2. d4 Bg7 3. Bc4 d6 4. Nf3 Nf6 5. e5 dxe5 6. Nxe5 O-O 7. O-O Nd5 8. Qf3 e6 9. c3 c6 10. Qg3 Nd7 11. Ng4 f5 12. Bxd5 exd5 13. Nh6+ Kh8 14. Qd6 Qh4 15. Qf4 Qe7 16. Bd2 Nf6 17. Re1 Ne4 18. h4 Be6 19. Re2 Rae8 20. f3 Nf6 21. Qh2 Qd7 22. Na3 Nh5 23. Rae1 f4 24. Ng4 Ng3 25. Re5 Bxg4 26. fxg4 Bxe5 27. dxe5 Qxg4 28. Nc2 Ne4 29. Bc1 f3 30. Rf1 f2+ 0-1

[Event "Nordic Chess-ch 2019"]
[Site "Sarpsborg"]
[Date "2019.06.22"]
[Round "2.37"]
[White "Andersen, Odd"]
[Black "Stubrud, Jan Magne"]
[Result "1-0"]
[ECO "C01"]
[WhiteElo "1751"]
[BlackElo "1681"]
[Annotator "NA"]
[PlyCount "93"]
[EventDate "2019.06.21"]
[EventType "swiss"]
[EventCountry "NOR"]
[SourceTitle "playchess.com"]
[Source "ChessBase"]
[SourceQuality "1"]
[TimeControl "40/5400+30:1800+30"]

1. e4 e6 2. d4 d5 3. exd5 exd5 4. Bd3 Nf6 5. Bf4 Nc6 6. c3 Bd6 7. Bxd6 Qxd6 8. Nf3 O-O 9. O-O Re8 10. h3 Bd7 11. Nbd2 Qf4 12. Qc2 Ne4 13. Rfe1 f5 14. b4 a6 15. a4 Ne7 16. Re2 Ng6 17. Rae1 Qh6 18. b5 Nf4 19. Ne5 Nxe2+ 20. Rxe2 Nxd2 21. Rxd2 Be6 22. Re2 axb5 23. axb5 Ra1+ 24. Kh2 Qf4+ 25. g3 Qc1 26. Qxc1 Rxc1 27. Bc2 Bd7 28. Bb3 Be6 29. Re3 g6 30. Nd3 Kf8 31. Nxc1 c6 32. Nd3 cxb5 33. Nc5 Bf7 34. Rxe8+ Kxe8 35. Nxb7 Kd7 36. Nc5+ Kc6 37. Nd3 Be8 38. Kg2 g5 39. Kf3 Kd6 40. h4 Bh5+ 41. Ke3 h6 42. Ne1 Ke6 43. Nf3 g4 44. Ne1 Bg6 45. Kf4 Kd6 46. Ng2 Bh7 47. Ne3 1-0

[Event "Nordic Chess-ch 2019"]
[Site "Sarpsborg"]
[Date "2019.06.22"]
[Round "2.38"]
[White "Bergquist, Rune"]
[Black "Lunde, Sigmund"]
[Result "1-0"]
[ECO "D35"]
[WhiteElo "1609"]
[BlackElo "1834"]
[Annotator "NA"]
[PlyCount "39"]
[EventDate "2019.06.21"]
[EventType "swiss"]
[EventCountry "NOR"]
[SourceTitle "playchess.com"]
[Source "ChessBase"]
[SourceQuality "1"]
[TimeControl "40/5400+30:1800+30"]

1. d4 Nf6 2. c4 e6 3. Nc3 d5 4. cxd5 exd5 5. Bg5 c6 6. e3 Be7 7. Bd3 h6 8. Bh4 Ne4 9. Bxe7 Qxe7 10. Nge2 f5 11. Nf4 Qf7 12. Be2 Nf6 13. Rc1 O-O 14. b4 g5 15. Nd3 Nbd7 16. b5 Ne4 17. bxc6 bxc6 18. Nb4 f4 19. Nxe4 dxe4 20. Bc4 1-0

[Event "Nordic Chess-ch 2019"]
[Site "Sarpsborg"]
[Date "2019.06.22"]
[Round "2.39"]
[White "Andersen, Dag"]
[Black "Heikkila, Raine"]
[Result "1-0"]
[ECO "D35"]
[WhiteElo "1817"]
[BlackElo "1663"]
[Annotator "NA"]
[PlyCount "87"]
[EventDate "2019.06.21"]
[EventType "swiss"]
[EventCountry "NOR"]
[SourceTitle "playchess.com"]
[Source "ChessBase"]
[SourceQuality "1"]
[TimeControl "40/5400+30:1800+30"]

1. d4 d5 2. c4 e6 3. Nc3 Nf6 4. cxd5 exd5 5. Bg5 Be7 6. e3 c6 7. Bd3 h6 8. Bh4 Bg4 9. Qc2 O-O 10. f3 Be6 11. Nge2 a5 12. O-O Na6 13. a3 Nc7 14. Rae1 Re8 15. Kh1 Nh5 16. Bxe7 Qxe7 17. e4 Nf6 18. e5 Nd7 19. f4 Nf8 20. f5 Bd7 21. Ng3 f6 22. e6 Bc8 23. Nce2 Qd6 24. Nf4 b6 25. Qe2 Ba6 26. Bxa6 Nxa6 27. Qg4 Ra7 28. Ngh5 Qe7 29. Re3 Nc7 30. Rg3 Nb5 31. Nxg7 Qxg7 32. Qh5 Qxg3 33. hxg3 Ree7 34. Ng6 Rg7 35. e7 Raxe7 36. Nxe7+ Rxe7 37. Rf4 Nd6 38. Rg4+ Kh7 39. Rh4 Nf7 40. Qd1 Ng5 41. Qc2 Ne4 42. Qxc6 Nxg3+ 43. Kh2 Nf1+ 44. Kg1 1-0

[Event "Nordic Chess-ch 2019"]
[Site "Sarpsborg"]
[Date "2019.06.22"]
[Round "2.40"]
[White "Eriksen, Oddvar"]
[Black "Stabbetorp, Hans"]
[Result "1/2-1/2"]
[ECO "B01"]
[WhiteElo "1520"]
[BlackElo "1767"]
[Annotator "NA"]
[PlyCount "151"]
[EventDate "2019.06.21"]
[EventType "swiss"]
[EventCountry "NOR"]
[SourceTitle "playchess.com"]
[Source "ChessBase"]
[SourceQuality "1"]
[TimeControl "40/5400+30:1800+30"]

1. e4 d5 2. exd5 Qxd5 3. Nc3 Qa5 4. Nf3 Nf6 5. Bc4 Bf5 6. d4 e6 7. O-O c6 8. Bd3 Bxd3 9. Qxd3 Bd6 10. h3 Nbd7 11. Ng5 h6 12. Nge4 Nxe4 13. Nxe4 Be7 14. Bd2 Qb6 15. Rab1 Rd8 16. c3 Nf6 17. Nxf6+ Bxf6 18. Be3 O-O 19. Qe2 Qa5 20. a3 Qf5 21. Rbd1 Rfe8 22. Bc1 Rd5 23. Rd3 Red8 24. Rf3 Qh7 25. Bf4 c5 26. dxc5 Rxc5 27. Be3 Ra5 28. Rd1 Rxd1+ 29. Qxd1 Rd5 30. Qb3 b6 31. Qa4 Rd8 32. Qxa7 Qb1+ 33. Kh2 Qxb2 34. Qc7 Qxc3 35. Qxc3 Bxc3 36. Bxb6 Be5+ 37. g3 Ra8 38. Rd3 g6 39. Rd8+ Rxd8 40. Bxd8 Kf8 41. a4 Ke8 42. Bb6 Kd7 43. Kg2 Bc7 44. Be3 h5 45. Bd2 Kc6 46. Kf3 Kc5 47. Ke4 f5+ 48. Kd3 e5 49. Kc2 Kc4 50. f3 e4 51. fxe4 fxe4 52. g4 hxg4 53. hxg4 Bd6 54. a5 Kb5 55. Kd1 Bc5 56. Ke2 Ka6 57. Be3 Bb4 58. Bb6 Bd6 59. Ke3 g5 60. Kxe4 Bf4 61. Kf5 Bd2 62. Bd8 Kb7 63. Ke4 Ka6 64. Bb6 Bf4 65. Be3 Bc7 66. Bxg5 Bxa5 67. Kd3 Kb5 68. Bf6 Bb4 69. g5 Kc6 70. Ke4 Kd7 71. Kf5 Bf8 72. g6 Bh6 73. Bh4 Ke8 74. Bg5 Bg7 75. Bf6 Bh6 76. Bg5 1/2-1/2

[Event "Nordic Chess-ch 2019"]
[Site "Sarpsborg"]
[Date "2019.06.22"]
[Round "2.41"]
[White "Sather, Lars"]
[Black "Thorvlaksson, Baldvin"]
[Result "1-0"]
[ECO "A50"]
[WhiteElo "1730"]
[BlackElo "1523"]
[Annotator "NA"]
[PlyCount "63"]
[EventDate "2019.06.21"]
[EventType "swiss"]
[EventCountry "NOR"]
[SourceTitle "playchess.com"]
[Source "ChessBase"]
[SourceQuality "1"]
[TimeControl "40/5400+30:1800+30"]

1. d4 Nf6 2. c4 e6 3. Nc3 d5 4. f3 b6 5. cxd5 Nxd5 6. e4 Nxc3 7. bxc3 Bb7 8. Be3 Qh4+ 9. Bf2 Qh5 10. Ne2 Nd7 11. Qa4 Be7 12. Ng3 Qa5 13. Qxa5 bxa5 14. Rb1 Nb6 15. Bd3 O-O-O 16. O-O h5 17. Ne2 e5 18. Rfd1 exd4 19. cxd4 Bb4 20. d5 Nd7 21. Rbc1 Kb8 22. Bb5 a6 23. Bc6 Nb6 24. Nd4 g6 25. Bxb7 Kxb7 26. Nc6 Rde8 27. Rd3 h4 28. a3 Bd6 29. Nxa5+ Ka8 30. Rc6 Rb8 31. Rb3 Nxd5 32. Rxa6# 1-0

[Event "Nordic Chess-ch 2019"]
[Site "Sarpsborg"]
[Date "2019.06.22"]
[Round "2.42"]
[White "Larsen, Bjorn"]
[Black "Lilleng, Gunnar"]
[Result "1-0"]
[ECO "B01"]
[WhiteElo "1680"]
[BlackElo "1485"]
[Annotator "NA"]
[PlyCount "125"]
[EventDate "2019.06.21"]
[EventType "swiss"]
[EventCountry "NOR"]
[SourceTitle "playchess.com"]
[Source "ChessBase"]
[SourceQuality "1"]
[TimeControl "40/5400+30:1800+30"]

1. e4 d5 2. exd5 Qxd5 3. Nc3 Qd8 4. d4 Nf6 5. Nf3 Bg4 6. h3 Bh5 7. Be2 e6 8. O-O c6 9. a3 Nbd7 10. b4 a6 11. Ne5 Bxe2 12. Qxe2 Be7 13. Kh1 Nb6 14. Nf3 Nbd5 15. Nxd5 Nxd5 16. Qe4 Nf6 17. Qe2 Qc7 18. Ne5 Rd8 19. c3 Nd5 20. Bd2 Nf6 21. f4 g6 22. g4 Qd6 23. Qf3 Qd5 24. Rae1 h5 25. g5 Qxf3+ 26. Rxf3 Nd5 27. c4 Nc7 28. Bc3 O-O 29. h4 Ne8 30. f5 gxf5 31. g6 f6 32. Nf7 Rd7 33. Rxe6 Ng7 34. Re2 Ra8 35. Nh6+ Kf8 36. Nxf5 Nxf5 37. Rxf5 Kg7 38. Rg2 Rh8 39. Kg1 Bd8 40. Kf2 Rd6 41. Kf3 Re6 42. d5 cxd5 43. Rxd5 Re7 44. Rgd2 Bb6 45. c5 Bc7 46. Rd7 Rhe8 47. Rxe7+ Rxe7 48. Rg2 Be5 49. Bxe5 Rxe5 50. a4 Re1 51. Re2 Rh1 52. Re7+ Kxg6 53. Rxb7 Rxh4 54. c6 Rc4 55. c7 Rc3+ 56. Ke2 h4 57. Kd2 Rc4 58. b5 axb5 59. axb5 h3 60. Ra7 Kf5 61. b6 h2 62. Ra1 Ke6 63. b7 1-0

[Event "Nordic Chess-ch 2019"]
[Site "Sarpsborg"]
[Date "2019.06.22"]
[Round "3.2"]
[White "Vestby-Ellingsen, Mads"]
[Black "Westerberg, Jonathan"]
[Result "1/2-1/2"]
[ECO "B61"]
[WhiteElo "2345"]
[BlackElo "2545"]
[Annotator "ChessBase"]
[PlyCount "80"]
[EventDate "2019.06.21"]
[EventType "swiss"]
[EventCountry "NOR"]
[SourceTitle "playchess.com"]
[Source "ChessBase"]
[SourceQuality "1"]
[TimeControl "40/5400+30:1800+30"]

1. e4 c5 2. Nf3 d6 3. d4 Nf6 4. Nc3 cxd4 5. Nxd4 Nc6 6. Bg5 Bd7 7. Qd2 Rc8 8. O-O-O Nxd4 9. Qxd4 Qa5 10. Bxf6 gxf6 11. Kb1 Qc5 12. Qd2 e6 13. f4 Bc6 14. Bd3 Kd8 15. e5 fxe5 16. fxe5 Qxe5 17. Qf2 a6 18. Qxf7 Rc7 19. Qf2 Bg7 20. Rhe1 Qa5 21. Ne4 Rd7 22. Qg3 Qe5 23. Qxe5 Bxe5 24. Ng5 Bxg2 25. Nxe6+ Kc8 26. Rd2 Bh3 27. Bc4 h6 28. Nc5 Rc7 29. Be6+ Bxe6 30. Nxe6 Rf7 31. a3 Rf6 32. Nd4 Rhf8 33. Ree2 Rf1+ 34. Ka2 Rh1 35. c4 Rf4 36. Rxe5 dxe5 37. Ne6 b6 38. Nxf4 exf4 39. Rf2 Kc7 40. Rxf4 Rxh2 1/2-1/2

[Event "Nordic Chess-ch 2019"]
[Site "Sarpsborg"]
[Date "2019.06.22"]
[Round "3.3"]
[White "Cederstam Barsk, Carl"]
[Black "Urkedal, Frode Olav Olsen"]
[Result "0-1"]
[ECO "D37"]
[WhiteElo "2334"]
[BlackElo "2525"]
[Annotator "ChessBase"]
[PlyCount "78"]
[EventDate "2019.06.21"]
[EventType "swiss"]
[EventCountry "NOR"]
[SourceTitle "playchess.com"]
[Source "ChessBase"]
[SourceQuality "1"]
[TimeControl "40/5400+30:1800+30"]

1. Nf3 Nf6 2. c4 e6 3. Nc3 d5 4. d4 Be7 5. Bf4 O-O 6. a3 dxc4 7. e3 Nd5 8. Bg3 Nxc3 9. bxc3 b5 10. Qb1 c6 11. Be2 Nd7 12. h4 Qa5 13. Qc2 Nb6 14. O-O Na4 15. Rfc1 Bb7 16. Ng5 g6 17. Bf3 Qd8 18. Bf4 Nb6 19. e4 c5 20. Rd1 cxd4 21. Rxd4 Qe8 22. e5 Nd5 23. Bd2 Bc5 24. Rg4 f5 25. Rg3 Qe7 26. h5 f4 27. Rg4 gxh5 28. Bxd5 hxg4 29. Bxb7 Qxg5 30. Bxa8 Rxa8 31. Qe4 Rf8 32. Qc6 Qxe5 33. Re1 Qd5 34. Rxe6 Qxc6 35. Rxc6 Bb6 36. a4 g3 37. Be1 Re8 38. Kf1 f3 39. gxf3 Rxe1+ 0-1

[Event "Nordic Chess-ch 2019"]
[Site "Sarpsborg"]
[Date "2019.06.22"]
[Round "3.4"]
[White "Notkevich, Benjamin Arvola"]
[Black "Tryggestad, Andreas Garberg"]
[Result "1-0"]
[ECO "A34"]
[WhiteElo "2485"]
[BlackElo "2324"]
[Annotator "ChessBase"]
[PlyCount "91"]
[EventDate "2019.06.21"]
[EventType "swiss"]
[EventCountry "NOR"]
[SourceTitle "playchess.com"]
[Source "ChessBase"]
[SourceQuality "1"]
[TimeControl "40/5400+30:1800+30"]

1. c4 Nf6 2. Nf3 c5 3. Nc3 d5 4. cxd5 Nxd5 5. e3 Nc6 6. Bb5 e6 7. O-O Be7 8. e4 Nxc3 9. bxc3 O-O 10. a4 Bd7 11. d4 cxd4 12. cxd4 Nb4 13. Ne5 Bxb5 14. axb5 a5 15. bxa6 bxa6 16. Be3 Qc7 17. Qg4 Rfc8 18. h4 Nc2 19. Rad1 Bd6 20. Nf3 a5 21. Bg5 Be7 22. Bf4 Qb6 23. h5 a4 24. Be5 f6 25. h6 g6 26. d5 f5 27. Qf4 Qb4 28. d6 Bd8 29. Nd4 Nxd4 30. Bxd4 Ra5 31. exf5 Rxf5 32. d7 Rc7 33. Qe3 Qe7 34. Bb6 Rxd7 35. Rxd7 Qxd7 36. Bxd8 Qxd8 37. Qxe6+ Kf8 38. Rc1 Rf6 39. Qg4 Kf7 40. Rd1 Rd6 41. Qf4+ Ke6 42. Re1+ Kd7 43. Qxa4+ Kc7 44. Qa7+ Kc6 45. Rc1+ Kd5 46. Qe3 1-0

[Event "Nordic Chess-ch 2019"]
[Site "Sarpsborg"]
[Date "2019.06.22"]
[Round "3.5"]
[White "Thorn, Eric"]
[Black "Getz, Nicolai"]
[Result "0-1"]
[ECO "A80"]
[WhiteElo "2230"]
[BlackElo "2380"]
[Annotator "ChessBase"]
[PlyCount "120"]
[EventDate "2019.06.21"]
[EventType "swiss"]
[EventCountry "NOR"]
[SourceTitle "playchess.com"]
[Source "ChessBase"]
[SourceQuality "1"]
[TimeControl "40/5400+30:1800+30"]

1. d4 f5 2. Nf3 Nf6 3. Bg5 Ne4 4. h4 c5 5. e3 Qb6 6. Nbd2 Qxb2 7. Nxe4 fxe4 8. Nd2 cxd4 9. Bc4 e6 10. Rb1 Qc3 11. Rb3 Qa5 12. O-O d5 13. Bb5+ Nc6 14. f3 Bb4 15. fxe4 Qxb5 16. Qh5+ g6 17. Qf3 Rf8 18. Qxf8+ Bxf8 19. Rxb5 dxe3 20. Bxe3 d4 21. Bf2 b6 22. Rb3 e5 23. a3 Be6 24. Rd3 Bh6 25. c3 dxc3 26. Rxc3 Nd4 27. Rd3 Rd8 28. Kh1 Bc8 29. Be3 Ba6 30. Bxh6 Bxd3 31. Rf8+ Ke7 32. Rxd8 Kxd8 33. Bg7 Nc6 34. Kg1 Ke7 35. Kf2 Kf7 36. Bh8 h6 37. Ke3 Bc2 38. Nf3 Ke6 39. Bxe5 Nxe5 40. Nd4+ Kd6 41. Nxc2 b5 42. Kd4 Nc6+ 43. Kd3 a5 44. Ne3 h5 45. Kc3 Ke5 46. Kd3 Kf4 47. Nf1 Kg4 48. Ke3 b4 49. axb4 axb4 50. Kd3 Kf4 51. Nd2 Ne5+ 52. Kd4 Ng4 53. Kd5 Ne3+ 54. Ke6 Nxg2 55. Kf6 Nxh4 56. e5 Nf5 57. e6 h4 58. Nb3 h3 59. Nd4 h2 60. Nxf5 h1=Q 0-1

[Event "Nordic Chess-ch 2019"]
[Site "Sarpsborg"]
[Date "2019.06.22"]
[Round "3.6"]
[White "Rydstrom, Tom"]
[Black "Altarbosh, Ward"]
[Result "1-0"]
[ECO "C11"]
[WhiteElo "2370"]
[BlackElo "2250"]
[Annotator "ChessBase"]
[PlyCount "67"]
[EventDate "2019.06.21"]
[EventType "swiss"]
[EventCountry "NOR"]
[SourceTitle "playchess.com"]
[Source "ChessBase"]
[SourceQuality "1"]
[TimeControl "40/5400+30:1800+30"]

1. e4 e6 2. d4 d5 3. Nc3 Nf6 4. e5 Nfd7 5. f4 c5 6. Nf3 Nc6 7. Be3 cxd4 8. Nxd4 Bc5 9. Qd2 Nxd4 10. Bxd4 a6 11. O-O-O b5 12. Ne4 Bxd4 13. Nd6+ Ke7 14. Qxd4 Qb6 15. Qd2 b4 16. Qe1 g5 17. fxg5 a5 18. Bb5 Ba6 19. Bxd7 Kxd7 20. h4 a4 21. Rh3 a3 22. b3 Qc5 23. Rf3 Rhf8 24. Qf2 Qxf2 25. Rxf2 Ke7 26. Rd4 h6 27. Rdf4 f5 28. gxf6+ Kd7 29. Rxb4 Kc6 30. Ra4 Kc5 31. Rff4 h5 32. Rxa3 d4 33. Ra5+ Kb6 34. Ra4 1-0

[Event "Nordic Chess-ch 2019"]
[Site "Sarpsborg"]
[Date "2019.06.22"]
[Round "3.7"]
[White "Gretarsson, Helgi Ass"]
[Black "Kvaloy, Aksel Bu"]
[Result "1-0"]
[ECO "A58"]
[WhiteElo "2433"]
[BlackElo "2138"]
[Annotator "ChessBase"]
[PlyCount "57"]
[EventDate "2019.06.21"]
[EventType "swiss"]
[EventCountry "NOR"]
[SourceTitle "playchess.com"]
[Source "ChessBase"]
[SourceQuality "1"]
[TimeControl "40/5400+30:1800+30"]

1. d4 Nf6 2. c4 c5 3. d5 b5 4. cxb5 a6 5. bxa6 g6 6. Nc3 Bg7 7. e4 O-O 8. Nf3 Qa5 9. Nd2 Bxa6 10. Bxa6 Qxa6 11. Qe2 d6 12. Nb5 Nbd7 13. a4 Nb6 14. Ra3 Rfc8 15. b3 c4 16. Nxc4 Nxc4 17. bxc4 Nd7 18. O-O Nb6 19. Bg5 Rxc4 20. Bxe7 Re8 21. Nxd6 Rxe7 22. a5 Nxd5 23. Qxc4 Qxd6 24. Rd3 Be5 25. Qxd5 Bxh2+ 26. Kh1 Qf4 27. Qd8+ Kg7 28. Qxe7 Qh6 29. Rh3 1-0

[Event "Nordic Chess-ch 2019"]
[Site "Sarpsborg"]
[Date "2019.06.22"]
[Round "3.8"]
[White "Kristiansen, Rune Harald"]
[Black "Ogaard, Leif"]
[Result "1/2-1/2"]
[ECO "A47"]
[WhiteElo "1849"]
[BlackElo "2385"]
[Annotator "ChessBase"]
[PlyCount "168"]
[EventDate "2019.06.21"]
[EventType "swiss"]
[EventCountry "NOR"]
[SourceTitle "playchess.com"]
[Source "ChessBase"]
[SourceQuality "1"]
[TimeControl "40/5400+30:1800+30"]

1. d4 Nf6 2. Nf3 e6 3. e3 b6 4. Bd3 Bb7 5. Nbd2 c5 6. c3 Nc6 7. Qe2 Qc7 8. Ba6 Bxa6 9. Qxa6 d5 10. Qa4 a6 11. dxc5 Bxc5 12. Nd4 Bxd4 13. exd4 O-O 14. O-O b5 15. Qd1 b4 16. Qf3 Rfc8 17. Nb3 bxc3 18. bxc3 Ne4 19. Bf4 Qd8 20. Nd2 Nxd2 21. Bxd2 Na5 22. Rfc1 Nc4 23. Bf4 Ra7 24. Qg3 Qf6 25. Rab1 Qf5 26. Bh6 Qg6 27. Qxg6 hxg6 28. Bf4 f6 29. Kf1 g5 30. Be3 Rac7 31. Rb3 Rc6 32. Ke2 Kf7 33. h3 Kg6 34. Bd2 e5 35. dxe5 fxe5 36. Be1 Nd6 37. Rd1 d4 38. cxd4 Rc2+ 39. Kf1 exd4 40. Rb6 R8c6 41. Rxc6 Rxc6 42. Rxd4 Nb5 43. Rg4 Kh5 44. Bd2 Rc5 45. g3 Nc7 46. Be3 Rb5 47. a4 Rd5 48. Rc4 Ne8 49. Rc6 g4 50. Kg2 a5 51. Rc5 Nf6 52. Rb5 gxh3+ 53. Kxh3 Kg6 54. Bb6 Rd2 55. Rxa5 Ne4 56. Kg2 Ra2 57. Bd4 Rd2 58. Be3 Ra2 59. Ra7 Nf6 60. a5 Ra4 61. Bb6 Nd5 62. Rd7 Nf6 63. Rd6 Kf5 64. Rd4 Ra2 65. Rb4 Nd5 66. Rb5 Ke6 67. Kh3 Ra4 68. Rb3 g6 69. f4 Kf5 70. Rb5 Ke6 71. Rb1 Kf5 72. Re1 Nxb6 73. axb6 Rb4 74. Re5+ Kf6 75. Kg4 Rxb6 76. Ra5 Rb7 77. Ra6+ Kg7 78. Kh4 Rc7 79. g4 Rb7 80. Kg5 Rb5+ 81. f5 gxf5 82. Ra7+ Kf8 83. gxf5 Rb6 84. f6 Rb1 1/2-1/2

[Event "Nordic Chess-ch 2019"]
[Site "Sarpsborg"]
[Date "2019.06.22"]
[Round "3.9"]
[White "Lindgren, Philip"]
[Black "Tunge, Christian"]
[Result "0-1"]
[ECO "E91"]
[WhiteElo "2384"]
[BlackElo "2027"]
[Annotator "ChessBase"]
[PlyCount "60"]
[EventDate "2019.06.21"]
[EventType "swiss"]
[EventCountry "NOR"]
[SourceTitle "playchess.com"]
[Source "ChessBase"]
[SourceQuality "1"]
[TimeControl "40/5400+30:1800+30"]

1. d4 Nf6 2. c4 c5 3. d5 g6 4. Nc3 Bg7 5. Nf3 d6 6. e4 O-O 7. Be2 e6 8. O-O Na6 9. h3 Re8 10. Bd3 Nc7 11. a4 Na6 12. Bg5 h6 13. Bf4 e5 14. Bd2 Nh7 15. Qc1 f5 16. Bxh6 f4 17. Bxg7 Kxg7 18. Rd1 Ng5 19. Nxg5 Qxg5 20. Kf1 Rh8 21. Be2 Bxh3 22. gxh3 Rxh3 23. Ke1 Nb4 24. Bf1 Rah8 25. Bxh3 Rxh3 26. Ne2 Qg2 27. Ra3 Rh2 28. Kd2 Qxf2 29. Qc3 Qxe2+ 30. Kc1 Nd3+ 0-1

[Event "Nordic Chess-ch 2019"]
[Site "Sarpsborg"]
[Date "2019.06.22"]
[Round "3.10"]
[White "Sjoberg, Isak"]
[Black "Dragicevic, Drazen"]
[Result "1/2-1/2"]
[ECO "B31"]
[WhiteElo "2222"]
[BlackElo "2359"]
[Annotator "ChessBase"]
[PlyCount "75"]
[EventDate "2019.06.21"]
[EventType "swiss"]
[EventCountry "NOR"]
[SourceTitle "playchess.com"]
[Source "ChessBase"]
[SourceQuality "1"]
[TimeControl "40/5400+30:1800+30"]

1. e4 c5 2. Nf3 Nc6 3. Bb5 g6 4. O-O Bg7 5. d3 Qb6 6. Nc3 Bxc3 7. Bxc6 Bg7 8. Ba4 Nf6 9. Bb3 O-O 10. e5 Ng4 11. Bf4 d6 12. exd6 exd6 13. Qd2 Qc6 14. Rae1 b5 15. c4 a6 16. Bc2 Bb7 17. d4 bxc4 18. dxc5 dxc5 19. Be4 Qb5 20. Bxb7 Qxb7 21. h3 Nf6 22. Qc2 Qb5 23. Nd2 Nd5 24. Be5 Nb4 25. Qxc4 Qxc4 26. Nxc4 Nxa2 27. Bd6 Rfd8 28. Nb6 Ra7 29. Bxc5 Rc7 30. Ba3 Bf8 31. Bxf8 Kxf8 32. Ra1 Nb4 33. Ra4 Nd3 34. Rd1 Rc1 35. Rxc1 Nxc1 36. Rxa6 Rd1+ 37. Kh2 Rd2 38. Ra8+ 1/2-1/2

[Event "Nordic Chess-ch 2019"]
[Site "Sarpsborg"]
[Date "2019.06.22"]
[Round "3.11"]
[White "Chatalbashev, Boris"]
[Black "Abdrlauf, Elham"]
[Result "1-0"]
[ECO "A35"]
[WhiteElo "2527"]
[BlackElo "2207"]
[Annotator "ChessBase"]
[PlyCount "103"]
[EventDate "2019.06.21"]
[EventType "swiss"]
[EventCountry "NOR"]
[SourceTitle "playchess.com"]
[Source "ChessBase"]
[SourceQuality "1"]
[TimeControl "40/5400+30:1800+30"]

1. c4 c5 2. Nf3 Nc6 3. Nc3 g6 4. e3 d6 5. d4 cxd4 6. exd4 Bg4 7. Be2 Bg7 8. O-O Nh6 9. d5 Bxf3 10. Bxf3 Ne5 11. Be4 O-O 12. b3 Nhg4 13. Bd2 Rc8 14. Rc1 Nf6 15. Bb1 b6 16. Re1 Re8 17. f4 Ned7 18. Nb5 a6 19. Na7 Rc7 20. Nc6 Rxc6 21. dxc6 Nb8 22. Qf3 Qc7 23. Be3 Nxc6 24. Bf2 a5 25. a3 Nd7 26. Be4 Nd4 27. Qd1 Ne6 28. f5 Nec5 29. Bc2 Bb2 30. fxg6 hxg6 31. b4 Bxc1 32. Qxc1 Ne6 33. Rxe6 fxe6 34. Qh6 Nf8 35. Bxg6 Rc8 36. Bd3 e5 37. Qg5+ Kh8 38. Qh5+ Kg8 39. Qg4+ Kf7 40. h4 axb4 41. axb4 e6 42. h5 Ke8 43. h6 Ra8 44. h7 Ra1+ 45. Kh2 Nxh7 46. Qg8+ Nf8 47. Bg6+ Kd7 48. Qxf8 Qd8 49. Qxd8+ Kxd8 50. Bxb6+ Kd7 51. c5 Ra4 52. c6+ 1-0

[Event "Nordic Chess-ch 2019"]
[Site "Sarpsborg"]
[Date "2019.06.22"]
[Round "3.12"]
[White "Dingertz, Erik"]
[Black "Holm, Kristian Stuvik"]
[Result "0-1"]
[ECO "A10"]
[WhiteElo "1969"]
[BlackElo "2474"]
[Annotator "ChessBase"]
[PlyCount "58"]
[EventDate "2019.06.21"]
[EventType "swiss"]
[EventCountry "NOR"]
[SourceTitle "playchess.com"]
[Source "ChessBase"]
[SourceQuality "1"]
[TimeControl "40/5400+30:1800+30"]

1. c4 f5 2. g3 Nf6 3. Bg2 g6 4. Nc3 Bg7 5. d3 O-O 6. Rb1 e5 7. b4 Nh5 8. Bd2 d6 9. Nf3 Nc6 10. b5 Ne7 11. Qb3 h6 12. O-O Be6 13. Ne1 Rb8 14. Nc2 f4 15. Qa3 Qd7 16. Qxa7 Bh3 17. c5 Bxg2 18. Kxg2 Nf6 19. Qa4 Ra8 20. Qb3+ d5 21. Nb4 c6 22. a4 h5 23. b6 Bh6 24. Qa2 h4 25. Ne4 Nh5 26. Bc3 hxg3 27. fxg3 Nf5 28. Rf3 Kh7 29. Nd2 Ne3+ 0-1